 Dungeon Crawl Stone Soup version 0.31-a0-774-g0d66cbabe8 (webtiles) character file.

Game seed: 7553756075807081018

2 cforsyth the Sneak (level 1, 0/20 HPs)
             Began as a Djinni Delver on Sept 17, 2023.
             Slain by a scorpion (5 damage)
             ... on level 4 of the Dungeon.
             The game lasted 00:00:16 (148 turns).

cforsyth the Sneak (Djinni Delver)                   Turns: 148, Time: 00:00:17

Health: 0/20       AC:  3    Str: 11    XL:     1   Next: 33%
Gold:   0          EV: 12    Int: 11    God:
                   SH:  0    Dex: 14

rFire   + + .        a - +0 falchion
rCold   x . .        (no shield)
rNeg    . . .        b - +0 leather armour
rPois   ∞            (no helmet)
rElec   .            (no cloak)
rCorr   .            (no gloves)
SInv    .            (boots unavailable)
Will    .....        (no amulet)
Stlth   ++           (no ring)
HPRegen 0.23/turn    (no ring)
MPRegen 0.00/turn

%: infuse magic (-1 HP)
@: flying
A: sickness immunity, fire resistance 2, cold vulnerability 1, float, innate
caster, HP casting, extra vitality 1
a: no special abilities


You were on level 4 of the Dungeon.
You visited 1 branch of the dungeon, and saw 2 of its levels.

Inventory:

Hand Weapons
 a - a +0 falchion (weapon)
Armour
 b - a +0 leather armour (worn)
Wands
 g - a wand of digging (3)
Scrolls
 c - a scroll of fog
 d - a scroll of revelation
 e - a scroll of fear
Potions
 f - a potion of haste


   Skills:
 + Level 3.0 Fighting
 - Level 1.7 Long Blades
 - Level 2.1 Dodging
 - Level 4.1 Stealth
 + Level 0.1 Spellcasting
 + Level 0.1 Conjurations
 + Level 0.1 Hexes
   Level 0.0 Charms
 + Level 0.1 Summonings
 + Level 0.1 Necromancy
 + Level 0.1 Translocations
 + Level 0.1 Transmutations
 + Level 0.1 Fire Magic
 + Level 0.1 Ice Magic
 + Level 0.1 Air Magic
 + Level 0.1 Earth Magic
 + Level 0.1 Poison Magic You didn't know any spells. Your spell library was empty.

Dungeon Overview and Level Annotations

Branches:
Dungeon (5/15)
 Temple: D:4-7

Altars:


Innate Abilities, Weirdness & Mutations

You are immune to sickness and miasma.
You are immune to poison.
Your flesh is very heat resistant. (rF++)
You are vulnerable to cold. (rC-)
You float through the air rather than walking.
You learn spells naturally, not from books.
Your magical power is your life essence.
You have superior vitality. (+4 MHP)


Message History

You start resting.
HP restored.
A scorpion comes into view.
There is a stone staircase leading down here.
The scorpion stings you. The scorpion misses you.
You hit the scorpion but do no damage. The scorpion barely misses you.
You hit the scorpion but do no damage.
The scorpion stings you but does no damage.
You closely miss the scorpion. The scorpion stings you.
The scorpion closely misses you.
You completely miss the scorpion. The scorpion closely misses you.
You closely miss the scorpion. The scorpion misses you.
The scorpion stings you but does no damage.
You closely miss the scorpion. The scorpion misses you.
You slash the scorpion!
The scorpion is heavily wounded.
The scorpion barely misses you. The scorpion stings you.
You hit the scorpion but do no damage.
The scorpion is heavily wounded.
The scorpion closely misses you.
You hit the scorpion but do no damage.
The scorpion is heavily wounded.
The scorpion barely misses you.
You hit the scorpion but do no damage.
The scorpion is heavily wounded.
The scorpion stings you but does no damage. x2
You barely miss the scorpion.
The scorpion is heavily wounded.
The scorpion misses you.
You barely miss the scorpion.
The scorpion is heavily wounded.
The scorpion barely misses you. The scorpion stings you.
You hit the scorpion.
The scorpion is heavily wounded.
The scorpion stings you.
* * * LOW HITPOINT WARNING * * *
You hit the scorpion.
The scorpion is severely wounded.
The scorpion stings you.
You die...

#..#..#... .
#....?...# .
.##..##....# .#
......#...##...
#........<. #.
#.......# #
..#..#......##...
.....[..)..........
##..###..>@s.......
.................#.
....#...###.##...
.....#.... ## ..
........... .
......##.... ..(...
##... .#.. ...


You could see a scorpion.

Vanquished Creatures
  An orc (D:4)
1 creature vanquished.

Notes
Turn   | Place    | Note
-------+----------+-------------------------------------------
     0 | D:5      | cforsyth the Djinni Delver began the quest for the Orb.
     0 | D:5      | Reached XP level 1. HP: 20/20 MP: 0/0
    55 | D:5      | Noticed an ogre
   127 | D:4      | Noticed a scorpion
   148 | D:4      | Slain by a scorpion

Illustrated notes

Levels and vault maps discovered:
D:4:      layout_cave_pools, eat_drink_and_be_merry_uskayaw, chequers_arboretum,
          uniq_ijyb, uniq_natasha
D:5:      layout_loops_corners

Action                     || total
---------------------------++-------
  Melee: Falchion          ||    20
 Armour: Leather armour    ||    19
  Dodge: Dodged            ||    17

Table legend: (Time is in decaauts)
 A = Elapsed time spent in this place.
 B = Non-inter-level travel time spent in this place.
 C = Inter-level travel time spent in this place.
 D = Time resting spent in this place.
 E = Time spent auto-exploring this place.
 F = Levels seen in this place.
 G = Mean time per level.
                   A        B        C        D        E       F      G
               +--------+--------+--------+--------+--------+-----+--------+
         Total |    151 |    151 |      0 |     42 |     51 |   2 |   75.5 |
       Dungeon |    151 |    151 |      0 |     42 |     51 |   2 |   75.5 |
               +--------+--------+--------+--------+--------+-----+--------+

Top non-repeatable levels by time:
     D:5: 77 daAuts
     D:4: 73 daAuts
